 Dungeon Crawl Stone Soup version 0.27-a0-291-gd9602db6ee (webtiles) character file.

Game seed: 14775042171105491683

74 siradein the Ruffian (level 4, 40/40 HPs)
             Began as a Troll Transmuter on Feb 9, 2021.
             Quit the game on level 2 of the Dungeon.
             The game lasted 00:05:11 (1481 turns).

siradein the Ruffian (Troll Transmuter)             Turns: 1481, Time: 00:05:12

Health: 40/40      AC:  6    Str: 18    XL:     4   Next: 10%
Magic:  4/4        EV:  9    Int: 10    God:
Gold:   109        SH:  0    Dex: 10    Spells: 4/5 levels left

rFire    . . .     SeeInvis .     - Unarmed
rCold    . . .     Faith    .   (no shield)
rNeg     . . .     Spirit   .   a - +0 robe
rPois    .         Reflect  .   (helmet restricted)
rElec    .         Harm     .   (no cloak)
rCorr    .         Rampage  .   (gloves unavailable)
Will     .....                  (boots unavailable)
Stlth    +.........             (no amulet)
HPRegen  0.53/turn              j - ring of flight
MPRegen  0.09/turn              (no ring)

@: no status effects
A: large, unfitting armour, claws 3, regeneration 1, shaggy fur 1, tough skin 3
a: Evoke Flight


You were on level 2 of the Dungeon.
You visited 1 branch of the dungeon, and saw 2 of its levels.

You collected 109 gold pieces.

Inventory:

Armour
 a - a +0 robe (worn)
Jewellery
 j - a ring of flight (left claw)
Scrolls
 b - a scroll of fear {unknown}
 d - 3 scrolls of remove curse {unknown}
 e - a scroll of amnesia {unknown}
 f - a scroll of identify {unknown}
 g - 4 scrolls of teleportation {unknown}
 i - a scroll of immolation {unknown}
Potions
 c - a potion of haste {unknown}
 h - 2 potions of lignification {unknown}
 k - a potion of curing {unknown}
 l - a potion of brilliance {unknown}


   Skills:
 - Level 0.7 Fighting
 - Level 1.5 Dodging
 + Level 4.1 Unarmed Combat
 - Level 1.2 Spellcasting
 + Level 2.5 Transmutations


You had 4 spell levels left.
You knew the following spells:

 Your Spells              Type           Power        Failure   Level
a - Beastly Appendage     Tmut           10%          12%         1

Your spell library contained the following spells:

 Spells                   Type           Power        Failure   Level
 Wereblood                Tmut           5%           19%         2
 Spider Form              Tmut/Pois      1%           52%         3
 Ice Form                 Ice/Tmut       3%           90%         4
 Blade Hands              Tmut           2%           98%         5


Dungeon Overview and Level Annotations

Branches:
Dungeon (2/15)

Altars:


Innate Abilities, Weirdness & Mutations

You are too large for most types of armour.
You have claws for hands.
Your natural rate of healing is unusually fast.
You are covered in fur. (AC +1)
You have extremely tough skin. (AC +3)


Message History

Found a club.
You open the door.
Found a faded altar of an unknown god.
There is an open door here.
h - 2 amethyst potions (gained 1)
There is an open door here.
You see here a club.
Found a chain mail.
Found 16 stones.
Found an escape hatch in the ceiling.
There is an escape hatch in the ceiling here.
There is an escape hatch in the ceiling here.
There is a stone staircase leading down here.
There is a stone staircase leading down here.
Done exploring.
Done exploring.
Saving game... please wait.
Welcome back, siradein the Troll Transmuter.
Press ? for a list of commands and other information.
Are you sure you want to abandon this character and quit the game? (Confirm with "yes".)

.........##8..#...#########.#####
......####....#.P###.............
......# #⌠_..'..#...#########.##
......# #....#P.##### #...
......#####8..#..##### ###.
####>.....#.♣♣#.##...## ###.
.....####.### #.#.....## ##.†.
###### #...######......# ##...(
########........@......# #.....
<......................# #.....
########...............# #.....
#...............# #.....
#...............# #.....
##.............## ##....
##....(#.....## ##...
############# ####


There were no monsters in sight!

Vanquished Creatures
  2 adders (D:2)
  5 dart slugs
  8 bats
  2 giant cockroaches
  8 goblins
  4 hobgoblins
  4 kobolds
  A quokka (D:2)
  5 frilled lizards
  8 rats
47 creatures vanquished.

Notes
Turn   | Place    | Note
-------+----------+-------------------------------------------
     0 | D:1      | siradein the Troll Transmuter began the quest for the Orb.
     0 | D:1      | Reached XP level 1. HP: 18/18 MP: 1/1
   303 | D:1      | Reached XP level 2. HP: 24/26 MP: 2/2
   635 | D:1      | Reached XP level 3. HP: 32/32 MP: 3/3
  1013 | D:2      | Reached skill level 4 in Unarmed Combat
  1080 | D:2      | Reached XP level 4. HP: 40/40 MP: 4/4
  1199 | D:2      | Found a faded altar of an unknown god.
  1481 | D:2      | Upgraded the game from 0.27-a0-287-gd4424db430 to
                  | 0.27-a0-291-gd9602db6ee
  1481 | D:2      | Quit the game

Illustrated notes

Levels and vault maps discovered:
D:1:      dpeg_arrival_ratfight, layout_loops_ring, minmay_tetromino_i2
D:2:      layout_rooms, chequers_ecumenical_altar_lobes, st_stairs_12

Skill      XL: |  1  2  3 |
---------------+----------+-----
Transmutations | 2 |  2.5
Unarmed Combat | 4 |  4.1
Fighting       | |  0.7
Dodging        | |  1.5
Spellcasting   | |  1.2

Action                   |  1- 3 |  4- 6 || total
-------------------------+-------+-------++-------
Melee: Unarmed           |   114 |     9 ||   123
       Kick              |     1 |       ||     1
       Punch             |     6 |       ||     6
 Cast: Beastly Appendage |     2 |     1 ||     3
 Stab: Sleeping          |     1 |       ||     1
Armor: Robe              |    55 |     3 ||    58
Dodge: Dodged            |    48 |     4 ||    52

Table legend: (Time is in decaauts)
 A = Elapsed time spent in this place.
 B = Non-inter-level travel time spent in this place.
 C = Inter-level travel time spent in this place.
 D = Time resting spent in this place.
 E = Time spent auto-exploring this place.
 F = Levels seen in this place.
 G = Mean time per level.
                   A        B        C        D        E       F      G
               +--------+--------+--------+--------+--------+-----+--------+
         Total |   1473 |   1455 |     18 |      0 |   1155 |   2 |  736.5 |
       Dungeon |   1473 |   1455 |     18 |      0 |   1155 |   2 |  736.5 |
               +--------+--------+--------+--------+--------+-----+--------+

Top non-repeatable levels by time:
     D:1: 776 daAuts
     D:2: 696 daAuts
